 Dungeon Crawl Stone Soup version 0.24-a0-504-gcfb02b9d07 (webtiles) character file.

Game seed: 9690225686495261700

303 SSevenTwenty the Skirmisher (level 6, -15/51 HPs)
             Began as a Human Fighter on July 16, 2019.
             Was a Believer of Lugonu.
             Splashed by an oklob plant's acid (18 damage)
             ... on level 3 of the Dungeon.
             The game lasted 00:10:13 (2796 turns).

SSevenTwenty the Skirmisher (Human Fighter)         Turns: 2796, Time: 00:10:15

Health: -15/51     AC:  7    Str: 17    XL:     6   Next: 66%
Magic:  6/6        EV:  7    Int: 10    God:    Lugonu [**....]
Gold:   75         SH:  9    Dex: 12    Spells: 5/5 levels left

rFire    . . .     SeeInvis .   e - +2 dagger (drain)
rCold    . . .     Gourm    .   c - +0 shield
rNeg     . . .     Faith    .   b - +0 scale mail
rPois    .         Spirit   .   (no helmet)
rElec    .         Reflect  .   (no cloak)
rCorr    .         Harm     .   (no gloves)
MR       .....                  m - +0 pair of boots {Stlth+}
Stlth    +.........             (no amulet)
HPRegen  0.17/turn              (no ring)
MPRegen  0.10/turn              (no ring)

@: no status effects
A: no striking features
a: Depart the Abyss, Bend Space, Renounce Religion


You were on level 3 of the Dungeon.
You worshipped Lugonu.
Lugonu was pleased with you.
You were not hungry.

You visited 1 branch of the dungeon, and saw 3 of its levels.

You collected 75 gold pieces.

Inventory:

Hand Weapons
 a - a +0 war axe
 e - a +2 dagger of draining (weapon)
Armour
 b - a +0 scale mail (worn)
 c - a +0 shield (worn)
 m - a +0 pair of boots of stealth (worn)
Jewellery
 h - a +2 ring of evasion {unknown}
Wands
 o - a wand of flame (20)
Scrolls
 g - a scroll of noise {unknown}
 i - 3 scrolls of teleportation {unknown}
 j - a scroll of identify {unknown}
 k - 2 scrolls of remove curse {unknown}
Potions
 d - 5 potions of might
 l - 2 potions of curing {unknown}
 n - 4 potions of brilliance {unknown}
 p - a potion of mutation {unknown}
 q - a potion of flight {unknown}
Comestibles
 f - 3 rations


   Skills:
 * Level 5.3 Fighting
 - Level 1.2 Short Blades
 * Level 4.4 Axes
 - Level 3.0 Armour
 - Level 3.0 Shields


You had 5 spell levels left.
You didn't know any spells.
Your spell library contained the following spells:

 Spells                   Type           Power        Failure   Level  Hunger
 Magic Dart               Conj           #...         99%         1    ##.....
 Blink                    Tloc           N/A          100%        2    ###....
 Call Imp                 Summ           #.......     100%        2    ###....
 Slow                     Hex            #.......     100%        2    ###....
 Conjure Flame            Conj/Fire      #.......     100%        3    ####...
 Mephitic Cloud           Conj/Pois/Air  #.......     100%        3    ####...


Dungeon Overview and Level Annotations

Branches:
Dungeon (3/15)

Altars:
Fedhas
Ru
Lugonu

Annotations:
D:2 1 exclusion
D:3 exclusion: oklob plant


Message History

You hit the fungus.
The fungus is moderately damaged.
You hit the fungus.
The fungus is moderately damaged.
You hit the fungus.
The fungus is moderately damaged.
The oklob plant spits acid at you. The splash of acid hits you!
You are splashed with acid!
You hit the fungus.
The fungus is heavily damaged.
The oklob plant spits acid at you. The splash of acid hits you.
You are splashed with acid!
* * * LOW HITPOINT WARNING * * *
You hit the fungus.
The fungus is heavily damaged.
The oklob plant spits acid at you. The splash of acid hits you!
* * * LOW HITPOINT WARNING * * *
You are splashed with acid!!
You die...

##.≈≈≈≈...≈≈≈≈.PPPP####.#####..≈≈
...≈≈≈≈._......##P.# #......≈.≈≈
##.≈≈≈≈...≈≈≈≈.PPP## #.#####..≈≈
.P.≈≈≈≈≈≈≈≈≈≈≈.PPPP# #.# #.≈≈≈
#P..≈≈≈≈≈≈≈≈≈..PPP## #.# #..≈≈
PP...≈≈≈≈≈≈≈..P.PPP# #.# #≈.≈≈
##P...≈≈≈≈≈..#PP.PP# #.# #≈≈≈≈


PPPP.......PPPP%PP# #.# #≈≈≈≈ .#P.P#P#PPPPPPP@.P# #.# #≈... P
P#P#P.#P#PP#.%PP####.######### #P #P.PP.PPPP##%#.P#.....#....... P.P##
##P#P##......###### ### ####### #### ###...†..# #.# #..##.###.# ###.####
#.####......†..# #.# ....###.##(##### #.# #.#.###.##..# ##'## You could see an
oklob plant.

Vanquished Creatures
  Sigmund (D:2)
  7 gnolls
  4 adders
  An ooze (D:1)
  A dart slug (D:2)
  3 leopard geckos
  An orc (D:3)
  5 giant cockroaches
  5 goblins
  2 hobgoblins (D:3)
  2 quokkas (D:3)
  4 ball pythons
  4 bats
  7 frilled lizards
  8 kobolds
  9 rats
  A plant (D:3)
65 creatures vanquished.

Notes
Turn   | Place    | Note
-------+----------+-------------------------------------------
     0 | D:1      | SSevenTwenty the Human Fighter began the quest for the Orb.
     0 | D:1      | Reached XP level 1. HP: 18/18 MP: 1/1
   194 | D:1      | Reached skill level 1 in Short Blades
   194 | D:1      | Reached XP level 2. HP: 18/24 MP: 2/2
   915 | D:2      | Reached XP level 3. HP: 25/29 MP: 3/3
   997 | D:2      | Reached XP level 4. HP: 29/37 MP: 4/4
  1003 | D:2      | Reached skill level 4 in Fighting
  1065 | D:2      | Noticed Sigmund
  1072 | D:2      | Killed Sigmund
  1072 | D:2      | Reached skill level 5 in Fighting
  1072 | D:2      | Reached XP level 5. HP: 23/44 MP: 5/5
  1072 | D:2      | Reached XP level 6. HP: 26/51 MP: 6/6
  1655 | D:2      | Found a sacrificial altar of Ru.
  1828 | D:2      | You fall into a shaft and drop 1 floor!
  1907 | D:3      | Found a faded altar of an unknown god.
  1918 | D:3      | Became a worshipper of Lugonu the Unformed
  1918 | D:3      | Reached * piety under Lugonu
  1918 | D:3      | Reached ** piety under Lugonu
  2660 | D:3      | Found a blossoming altar of Fedhas.
  2689 | D:3      | Noticed an oklob plant
  2796 | D:3      | Splashed by an oklob plant's acid

Levels and vault maps discovered:
D:1:      minmay_arrival_open_corners, layout_basic, bh_walls_and_bars
D:2:      layout_rooms, nicolae_overflow_hidden_temple, uniq_sigmund
D:3:      layout_loops_corners, chequers_ecumenical_altar_island, tgw_fedhas

Skill      XL: |  1  2  3  4 |
---------------+-------------+-----
Short Blades   | 1 |  1.2
Fighting       | 5 |  5.3
Axes           | 4 |  4.4
Armour         | |  3.0
Shields        | |  3.0

Action                   |  1- 3 |  4- 6 || total
-------------------------+-------+-------++-------
Melee: Dagger            |    74 |   233 ||   307
       War axe           |     1 |       ||     1
  Eat: Chunk             |       |     4 ||     4
       Ration            |       |     1 ||     1
Armor: Scale mail        |    22 |    45 ||    67
Dodge: Dodged            |    20 |    30 ||    50
Block: Shield            |    37 |    51 ||    88

Table legend:
 A = Non-vault XP
 B = Vault XP
 C = Vault XP percentage of total XP
 D = Non-vault monster count
 E = Vault monster count
 F = Vault count percentage of total count
                 A         B        C        D         E       F
            +---------+---------+-------+---------+---------+-------
      Total |     237 |     197 |  45.4 |      63 |       1 |   1.6
            +---------+---------+-------+---------+---------+-------
        D:1 |      22 |       0 |   0.0 |      13 |       0 |   0.0
        D:2 |     110 |     197 |  64.2 |      24 |       1 |   4.0
        D:3 |     105 |       0 |   0.0 |      26 |       0 |   0.0
            +---------+---------+-------+---------+---------+-------
